TOP OF THE 1ST |
Clinton LumberKings batting - Pitching for Delmarva Shorebirds : RHP Wes Reynolds
|
Pitching: RHP Wes Reynolds
|
|
Batting: RHB Antonio Oyola
|
0-0: Swinging Strike 0-1: Ball 1-1: Ball 2-1: Called Strike 2-2: Ground out 6-3 (Groundball, 56, EV 108.8 MPH)
|
Batting: RHB Rich Justice
|
0-0: Ball 1-0: Ground out 4-3 (Groundball, 34, EV 96.2 MPH)
|
Batting: LHB Jason Kinney
|
0-0: Called Strike 0-1: Foul Ball, location: 2F 0-2: Foul Ball, location: 2F 0-2: Ball 1-2: SINGLE (Line Drive, 34, EV 95.0 MPH)
|
Batting: RHB Kinzo Yokoyama
|
0-0: Called Strike 0-1: Ball 1-1: Foul Ball, location: 2F 1-2: Fly out, F9 (Flyball, 9LSF, EV 86.2 MPH)
|
Top of the 1st over - 0 runs, 1 hit, 0 errors, 1 left on base; Clinton 0 - Delmarva 0 |
BOTTOM OF THE 1ST |
Delmarva Shorebirds batting - Pitching for Clinton LumberKings : LHP Carlos Munoz
|
Pitching: LHP Carlos Munoz
|
|
Batting: RHB Josh Hopp
|
0-0: Called Strike 0-1: Ball 1-1: Fly out, F8 (Flyball, 8LM, EV 90.0 MPH)
|
Batting: RHB Daniel Jackson
|
0-0: Called Strike 0-1: Swinging Strike 0-2: Strikes out swinging
|
Batting: RHB Ethan Finke
|
0-0: Ball 1-0: Ball 2-0: Ball 3-0: Called Strike 3-1: Foul Ball, location: 2F 3-2: DOUBLE (Flyball, 89XD, EV 101.2 MPH)
|
Batting: RHB Ismael Macedo
|
0-0: Swinging Strike 0-1: Foul Ball, location: 2F 0-2: Strikes out swinging
|
Bottom of the 1st over - 0 runs, 1 hit, 0 errors, 1 left on base; Clinton 0 - Delmarva 0 |
TOP OF THE 2ND |
Clinton LumberKings batting - Pitching for Delmarva Shorebirds : RHP Wes Reynolds
|
Batting: SHB Frank Amato
|
0-0: Ball 1-0: Foul Ball, location: 2F 1-1: Ball 2-1: Called Strike 2-2: Foul Ball, location: 2F 2-2: Ball 3-2: Ground out 3-1 (Groundball, 34, EV 78.8 MPH)
|
Batting: RHB Jung-wan Aan
|
0-0: Ball 1-0: Called Strike 1-1: Foul Ball, location: 2F 1-2: Fly out, F7 (Flyball, 78M, EV 85.6 MPH)
|
Batting: LHB Josh Gottlieb
|
SINGLE, rundown, out at 1st!
|
Top of the 2nd over - 0 runs, 1 hit, 0 errors, 0 left on base; Clinton 0 - Delmarva 0 |
BOTTOM OF THE 2ND |
Delmarva Shorebirds batting - Pitching for Clinton LumberKings : LHP Carlos Munoz
|
Batting: RHB Luke Vaccarino
|
0-0: Called Strike 0-1: Ground out 6-3 (Groundball, 6, EV 83.1 MPH)
|
Batting: RHB Francisco Viera
|
0-0: Ball 1-0: Ball 2-0: Ball 3-0: Called Strike 3-1: Base on Balls
|
Batting: RHB Mike Zepeda
|
0-0: Fielders Choice at 2nd, 1-4 (Groundball, 15, EV 76.2 MPH)
|
Batting: RHB Tony Godley
|
Pickoff Play to 1st, Runner tries for 2nd, SAFE after rundown. 0-0: Ball 1-0: Fly out, F9 (Flyball, 9LS, EV 91.2 MPH)
|
Bottom of the 2nd over - 0 runs, 0 hits, 0 errors, 1 left on base; Clinton 0 - Delmarva 0 |
TOP OF THE 3RD |
Clinton LumberKings batting - Pitching for Delmarva Shorebirds : RHP Wes Reynolds
|
Batting: RHB Bryan Shuller
|
0-0: Ball 1-0: Called Strike 1-1: Foul Ball, location: 2F 1-2: Foul Ball, location: 2F 1-2: Strikes out looking
|
Batting: RHB David Greene
|
0-0: Ball 1-0: Called Strike 1-1: Swinging Strike 1-2: Ball 2-2: Ball 3-2: Foul Ball, location: 2F 3-2: Ground out 6-3 (Groundball, 6M, EV 111.2 MPH)
|
Batting: RHB Antonio Oyola
|
0-0: Called Strike 0-1: Ball 1-1: Ball 2-1: Ball 3-1: Foul Ball, location: 2F 3-2: Ground out 6-3 (Groundball, 6, EV 88.8 MPH)
|
Top of the 3rd over - 0 runs, 0 hits, 0 errors, 0 left on base; Clinton 0 - Delmarva 0 |
BOTTOM OF THE 3RD |
Delmarva Shorebirds batting - Pitching for Clinton LumberKings : LHP Carlos Munoz
|
Batting: RHB Matt O'Dea
|
0-0: Foul Ball, location: 2F 0-1: Ball 1-1: Ball 2-1: Swinging Strike 2-2: Ground out 6-3 (Groundball, 6, EV 101.2 MPH)
|
Batting: RHB Josh Hopp
|
0-0: Foul Ball, location: 2F 0-1: Called Strike 0-2: Ball 1-2: Strikes out looking
|
Batting: RHB Daniel Jackson
|
0-0: Called Strike 0-1: Foul Ball, location: 2F 0-2: Strikes out swinging
|
Bottom of the 3rd over - 0 runs, 0 hits, 0 errors, 0 left on base; Clinton 0 - Delmarva 0 |
TOP OF THE 4TH |
Clinton LumberKings batting - Pitching for Delmarva Shorebirds : RHP Wes Reynolds
|
Batting: RHB Rich Justice
|
0-0: Foul Ball, location: 2F 0-1: Ball 1-1: Foul Ball, location: 2F 1-2: Ground out 4-3 (Groundball, 4, EV 99.4 MPH)
|
Batting: LHB Jason Kinney
|
0-0: Ball 1-0: Ball 2-0: Foul Ball, location: 2F 2-1: Foul Ball, location: 2F 2-2: Ball 3-2: Ground out 1-3 (Groundball, 13S, EV 62.5 MPH)
|
Batting: RHB Kinzo Yokoyama
|
0-0: Ground out 6-3 (Groundball, 6, EV 106.2 MPH)
|
Top of the 4th over - 0 runs, 0 hits, 0 errors, 0 left on base; Clinton 0 - Delmarva 0 |
BOTTOM OF THE 4TH |
Delmarva Shorebirds batting - Pitching for Clinton LumberKings : LHP Carlos Munoz
|
Batting: RHB Ethan Finke
|
0-0: Called Strike 0-1: Swinging Strike 0-2: Ball 1-2: Ball 2-2: Foul Ball, location: 2F 2-2: Foul Ball, location: 2F 2-2: Foul Ball, location: 2F 2-2: Ball 3-2: Foul Ball, location: 2F 3-2: Foul Ball, location: 2F 3-2: Foul Ball, location: 2F 3-2: Base on Balls
|
Batting: RHB Ismael Macedo
|
0-0: Ball 1-0: Foul Ball, location: 2F 1-1: Called Strike 1-2: Ball 2-2: Foul Ball, location: 2F 2-2: Foul Ball, location: 2F 2-2: SINGLE (Groundball, 56D, EV 107.5 MPH) Ethan Finke to second
|
Batting: RHB Luke Vaccarino
|
0-0: Ball 1-0: Ball 2-0: Foul Ball, location: 2F 2-1: Fly out, F8 (Flyball, 8RM, EV 93.8 MPH)
|
Batting: RHB Francisco Viera
|
0-0: Ball 1-0: SINGLE (Groundball, 4S, EV 68.8 MPH) (infield hit) Ethan Finke to third Ismael Macedo to second
|
Batting: RHB Mike Zepeda
|
0-0: Called Strike 0-1: Swinging Strike 0-2: Fielders Choice at 2nd, 4-6 (Groundball, 4M, EV 99.4 MPH) Ethan Finke scores Ismael Macedo to third
|
Batting: RHB Tony Godley
|
0-0: Ball 1-0: Foul Ball, location: 2F 1-1: Ball 2-1: Foul Ball, location: 2F 2-2: Strikes out looking
|
Bottom of the 4th over - 1 run, 2 hits, 0 errors, 2 left on base; Clinton 0 - Delmarva 1 |
TOP OF THE 5TH |
Clinton LumberKings batting - Pitching for Delmarva Shorebirds : RHP Wes Reynolds
|
Batting: SHB Frank Amato
|
0-0: Foul Ball, location: 2F 0-1: DOUBLE (Groundball, 3L, EV 98.1 MPH)
|
Batting: RHB Jung-wan Aan
|
0-0: Called Strike 0-1: Ball 1-1: Called Strike 1-2: Foul Ball, location: 2F 1-2: Ball 2-2: Fly out, F8 (Line Drive, 8LM, EV 88.8 MPH)
|
Batting: LHB Josh Gottlieb
|
0-0: Ball 1-0: Ball 2-0: Called Strike 2-1: Ball 3-1: Swinging Strike 3-2: Foul Ball, location: 2F 3-2: Reached on error, E6 (Groundball, 4M, EV 85.6 MPH) Frank Amato to third
|
Batting: RHB Bryan Shuller
|
Pickoff Throw to First - Error! E1 Frank Amato scores Josh Gottlieb to second 0-0: Swinging Strike 0-1: Ball 1-1: Ball 2-1: Swinging Strike 2-2: Strikes out swinging
|
Batting: RHB David Greene
|
0-0: Called Strike 0-1: Ball 1-1: Ball 2-1: Ball 3-1: Ground out U3 (Groundball, 3L, EV 106.2 MPH)
|
Top of the 5th over - 1 run, 1 hit, 2 errors, 1 left on base; Clinton 1 - Delmarva 1 |
BOTTOM OF THE 5TH |
Delmarva Shorebirds batting - Pitching for Clinton LumberKings : LHP Carlos Munoz
|
Batting: RHB Matt O'Dea
|
0-0: Ball 1-0: Ball 2-0: Ball 3-0: Base on Balls
|
Batting: RHB Josh Hopp
|
0-0: Called Strike 0-1: Swinging Strike 0-2: Ball 1-2: SINGLE (Groundball, 6MD, EV 98.8 MPH) Matt O'Dea to second
|
Batting: RHB Daniel Jackson
|
0-0: Ball 1-0: Ball 2-0: Ball 3-0: Base on Balls Matt O'Dea to third Josh Hopp to second
|
Batting: RHB Ethan Finke
|
0-0: Ball 1-0: Called Strike 1-1: Foul Ball, location: 2F 1-2: Strikes out looking
|
Pitching: RHP Bryce Blanksby
|
|
Batting: RHB Ismael Macedo
|
0-0: Fly out, F9 (Flyball, 9LD, EV 103.1 MPH) Runner from 3rd tags up, SCORES, throw by RF Josh Hopp to third
|
Batting: RHB Luke Vaccarino
|
0-0: Swinging Strike 0-1: Ball 1-1: Fly out, F8 (Line Drive, 8RD, EV 90.0 MPH)
|
Bottom of the 5th over - 1 run, 1 hit, 0 errors, 2 left on base; Clinton 1 - Delmarva 2 |
TOP OF THE 6TH |
Clinton LumberKings batting - Pitching for Delmarva Shorebirds : RHP Wes Reynolds
|
Pitching: RHP Manny Saldana
|
|
Batting: RHB Antonio Oyola
|
0-0: SINGLE (Groundball, 6MD, EV 106.9 MPH)
|
Batting: RHB Rich Justice
|
0-0: Ball 1-0: Ball Antonio Oyola steals 2nd, throwing error, E2 Antonio Oyola to third 2-0: Squeeze Bunt to 25 - play home, runner scores, batter safe! Antonio Oyola scores
|
Batting: LHB Jason Kinney
|
0-0: Foul Ball, location: 2F 0-1: Ball 1-1: Ball 2-1: Called Strike 2-2: Foul Ball, location: 2F 2-2: Strikes out swinging
|
Batting: RHB Kinzo Yokoyama
|
0-0: Ball Rich Justice is caught stealing 2nd base 2-4 1-0: Ball 2-0: Ball 3-0: Swinging Strike 3-1: Foul Ball, location: 2F 3-2: Base on Balls
|
Batting: SHB Frank Amato
|
0-0: Ball 1-0: Called Strike 1-1: Swinging Strike 1-2: Strikes out looking
|
Top of the 6th over - 1 run, 1 hit, 1 error, 1 left on base; Clinton 2 - Delmarva 2 |
BOTTOM OF THE 6TH |
Delmarva Shorebirds batting - Pitching for Clinton LumberKings : RHP Bryce Blanksby
|
Batting: RHB Francisco Viera
|
0-0: Swinging Strike 0-1: Ball 1-1: Ball 2-1: Bunt missed! 2-2: SINGLE (Line Drive, 6MD, EV 102.5 MPH)
|
Batting: RHB Mike Zepeda
|
0-0: Ball 1-0: Ball 2-0: Grounds into double play, 4-6-3 (Groundball, 34, EV 77.5 MPH)
|
Batting: RHB Tony Godley
|
0-0: Ball 1-0: Foul Ball, location: 2F 1-1: Called Strike 1-2: Foul Ball, location: 2F 1-2: Ball 2-2: Ball 3-2: Foul Ball, location: 2F 3-2: Base on Balls
|
Batting: RHB Matt O'Dea
|
0-0: Ball 1-0: Ball 2-0: SINGLE (Flyball, 6D, EV 85.0 MPH) Tony Godley to second
|
Batting: RHB Josh Hopp
|
Balk! Tony Godley to third Matt O'Dea to second 0-0: Ground out 5-3 (Groundball, 5, EV 93.1 MPH)
|
Bottom of the 6th over - 0 runs, 2 hits, 0 errors, 2 left on base; Clinton 2 - Delmarva 2 |
TOP OF THE 7TH |
Clinton LumberKings batting - Pitching for Delmarva Shorebirds : RHP Manny Saldana
|
Pitching: RHP Jose Santos
|
|
Batting: RHB Jung-wan Aan
|
0-0: Foul Ball, location: 2F 0-1: Called Strike 0-2: Ball 1-2: Foul Ball, location: 2F 1-2: Ball 2-2: Ball 3-2: Ground out 6-3 (Groundball, 6, EV 81.2 MPH)
|
Batting: LHB Josh Gottlieb
|
0-0: Called Strike 0-1: Called Strike 0-2: Strikes out swinging
|
Batting: RHB Bryan Shuller
|
0-0: Called Strike 0-1: DOUBLE (Line Drive, 9LS, EV 95.0 MPH)
|
Batting: RHB David Greene
|
0-0: Ball 1-0: Foul Ball, location: 2F 1-1: SINGLE (Line Drive, 34D, EV 101.2 MPH) Bryan Shuller to third Runner from 3rd tries for Home, SAFE, throw by RF to home David Greene to second
|
Batting: RHB Antonio Oyola
|
0-0: Hit by Pitch
|
Batting: RHB Rich Justice
|
0-0: Ball 1-0: Ball 2-0: Swinging Strike 2-1: Swinging Strike 2-2: Foul Ball, location: 2F 2-2: Ball 3-2: Strikes out looking
|
Top of the 7th over - 1 run, 2 hits, 0 errors, 2 left on base; Clinton 3 - Delmarva 2 |
BOTTOM OF THE 7TH |
Delmarva Shorebirds batting - Pitching for Clinton LumberKings : RHP Bryce Blanksby
|
Pitching: RHP Daniel Villalobos
|
|
Batting: RHB Daniel Jackson
|
0-0: Ball 1-0: Ball 2-0: Ball 3-0: Called Strike 3-1: Foul Ball, location: 2F 3-2: Base on Balls
|
Batting: RHB Ethan Finke
|
0-0: Ball Daniel Jackson steals 2nd base 1-0: Called Strike 1-1: Foul Ball, location: 2F 1-2: SINGLE (Line Drive, 9LM, EV 105.0 MPH) Daniel Jackson to third
|
Batting: RHB Ismael Macedo
|
0-0: Called Strike 0-1: Ball 1-1: Ball 2-1: Foul Ball, location: 2F 2-2: Ball 3-2: Strikes out swinging
|
Batting: RHB Luke Vaccarino
|
0-0: Swinging Strike 0-1: Called Strike 0-2: Fly out, F9 (Line Drive, 89D, EV 108.1 MPH) Runner from 3rd tags up, SCORES, no throw by RF
|
Batting: RHB Francisco Viera
|
0-0: Ball 1-0: Ground out 4-3 (Groundball, 4, EV 90.0 MPH)
|
Bottom of the 7th over - 1 run, 1 hit, 0 errors, 1 left on base; Clinton 3 - Delmarva 3 |
TOP OF THE 8TH |
Clinton LumberKings batting - Pitching for Delmarva Shorebirds : RHP Jose Santos
|
Pitching: LHP Martin Cotado
|
|
Batting: RHB Chris Skaff
|
0-0: Ground out 6-3 (Groundball, 6S, EV 89.4 MPH)
|
Pitching: RHP Fabiano Ceriani
|
|
Batting: RHB Kinzo Yokoyama
|
0-0: Called Strike 0-1: Called Strike 0-2: Ball 1-2: Ball 2-2: Foul Ball, location: 2F 2-2: Foul Ball, location: 2F 2-2: Ball 3-2: Strikes out swinging
|
Batting: SHB Frank Amato
|
0-0: Foul Ball, location: 2F 0-1: Ball 1-1: Foul Ball, location: 2F 1-2: Fly out, F9 (Flyball, 9, EV 83.1 MPH)
|
Top of the 8th over - 0 runs, 0 hits, 0 errors, 0 left on base; Clinton 3 - Delmarva 3 |
BOTTOM OF THE 8TH |
Delmarva Shorebirds batting - Pitching for Clinton LumberKings : RHP Daniel Villalobos
|
Pitching: RHP Lorenzo Gutierrez
|
|
Batting: RHB Mike Zepeda
|
0-0: Ball 1-0: Called Strike 1-1: Called Strike 1-2: Strikes out swinging
|
Batting: RHB Tony Godley
|
0-0: Ball 1-0: Fly out, F9 (Flyball, 9LSF, EV 93.1 MPH)
|
Batting: RHB Matt O'Dea
|
0-0: Ball 1-0: Foul Ball, location: 2F 1-1: Swinging Strike 1-2: Ball 2-2: Foul Ball, location: 2F 2-2: Strikes out swinging, 2-3 out at first.
|
Bottom of the 8th over - 0 runs, 0 hits, 0 errors, 0 left on base; Clinton 3 - Delmarva 3 |
TOP OF THE 9TH |
Clinton LumberKings batting - Pitching for Delmarva Shorebirds : RHP Fabiano Ceriani
|
Batting: RHB Jung-wan Aan
|
0-0: Ball 1-0: Ball 2-0: Foul Ball, location: 2F 2-1: Swinging Strike 2-2: Strikes out swinging
|
Batting: LHB Josh Gottlieb
|
0-0: Ball 1-0: Foul Ball, location: 2F 1-1: Ball 2-1: Foul Ball, location: 2F 2-2: Foul Ball, location: 2F 2-2: Strikes out swinging
|
Batting: RHB Bryan Shuller
|
0-0: Ball 1-0: Called Strike 1-1: Ball 2-1: Ball 3-1: Ground out 5-3 (Groundball, 56S, EV 82.5 MPH)
|
Top of the 9th over - 0 runs, 0 hits, 0 errors, 0 left on base; Clinton 3 - Delmarva 3 |
BOTTOM OF THE 9TH |
Delmarva Shorebirds batting - Pitching for Clinton LumberKings : RHP Lorenzo Gutierrez
|
Pitching: RHP Dave Williams
|
|
Batting: RHB Josh Hopp
|
0-0: Ball 1-0: Foul Ball, location: 2F 1-1: Swinging Strike 1-2: Ball 2-2: Foul Ball, location: 2F 2-2: Ball 3-2: Foul Ball, location: 2F 3-2: SINGLE (Groundball, 56D, EV 94.4 MPH)
|
Batting: RHB Daniel Jackson
|
0-0: Called Strike 0-1: Ball 1-1: Called Strike 1-2: Foul Ball, location: 2F 1-2: Reached on error, E6 (Groundball, P, EV 87.5 MPH) Josh Hopp to third
|
Batting: RHB Ethan Finke
|
0-0: Fielders Choice at home, 6-2 (Groundball, 6, EV 102.5 MPH) Daniel Jackson to third
|
Batting: RHB Ismael Macedo
|
0-0: Ball Ethan Finke steals 2nd base (no throw) 1-0: Foul Ball, location: 2F 1-1: SINGLE (Groundball, 6MD, EV 98.8 MPH) Daniel Jackson scores
|
Bottom of the 9th over - 1 run, 2 hits, 1 error, 2 left on base; Clinton 3 - Delmarva 4 |
|